Map: Dusk Towers

Players

Arctur - Winner!

  • Race: Terran Terran
  • League: Grandmaster

Miszu

  • Race: Terran Terran
  • League: Master

VOD

Have the link to the VOD?

Description

Time

  • Played on: April 19, 2016, 11:37 a.m.
  • Length: 5:13
Show
View Real Time Build Order
Export as new Build Order

Arctur Terran - Winner!

Build Orders: Reaper Expand 

Get SALT Encoding   

  12  0:00  SCV  
  13  0:13  SCV  
  14  0:18  Supply Depot  
  14  0:25  SCV  
  15  0:39  SCV  
  15  0:40  Barracks  
  16  0:44  Refinery  
  16  0:51  SCV  
  17  1:03  SCV  
  18  1:16  SCV  
  19  1:27  Reaper  
  19  1:28  Orbital Command  
  20  1:43  Command Center  
  20  1:53  SCV  
  21  1:57  Supply Depot  
  21  1:59  Marine  
  22  2:07  Factory  
  22  2:09  SCV  
  23  2:18  Refinery, Marine  
  23  2:21  SCV  
  25  2:33  SCV  
  26  2:39  Marine  
  27  2:46  SCV  
  28  2:52  Starport  
  28  2:53  Factory Tech Lab  
  28  2:54  Orbital Command  
  28  2:57  Marine  
  28  2:58  SCV  
  30  3:07  Engineering Bay  
  30  3:10  SCV  
  30  3:15  Marine  
  30  3:19  Cyclone  
  34  3:22  SCV  
  34  3:23  SCV  
  36  3:32  Viking  
  38  3:34  SCV  
  38  3:35  SCV  
  38  3:38  Missile Turret  
  40  3:44  Barracks Reactor, Missile Turret  
  40  3:49  SCV  
  40  3:50  Missile Turret  
  40  3:53  SCV  
  42  4:01  SCV  
  43  4:03  Medivac  
  43  4:05  SCV  
  46  4:16  Command Center  
  46  4:20  Supply Depot  
  46  4:26  Supply Depot  
  46  4:32  Supply Depot  
  46  4:38  Barracks Tech Lab  
  46  4:42  SCV x2  
  53  4:54  SCV x2  
  53  4:55  Refinery  
  59  5:09  Supply Depot  
Show
View Real Time Build Order
Export as new Build Order

Miszu Terran 

Build Orders: 1/1/1, Banshee Rush 

Get SALT Encoding   

  12  0:01  SCV  
  13  0:13  SCV  
  14  0:18  Supply Depot  
  14  0:26  SCV  
  15  0:32  Refinery  
  15  0:40  SCV  
  16  0:45  Barracks  
  16  0:52  SCV  
  16  0:55  Refinery  
  17  1:04  SCV  
  18  1:16  SCV  
  19  1:31  Orbital Command  
  19  1:33  Factory  
  19  1:36  Reaper  
  20  1:44  Supply Depot  
  20  1:57  SCV  
  21  2:08  Reaper  
  22  2:09  Supply Depot  
  22  2:11  SCV  
  23  2:18  Starport  
  25  2:23  Hellion  
  25  2:27  SCV  
  26  2:46  SCV  
  26  2:49  Hellion, Reaper  
  29  2:54  Starport Tech Lab  
  29  2:58  SCV  
  29  3:15  SCV  
  29  3:16  Cloaking Field, Banshee  
  33  3:24  Barracks Reactor, Factory Tech Lab  
  33  3:30  SCV  
  34  3:34  Command Center  
  34  3:42  SCV  
  35  3:55  Command Center  
  35  4:00  SCV  
  34  4:05  Banshee  
  37  4:15  SCV  
  39  4:19  Supply Depot  
  39  4:22  Marine  
  39  4:33  Barracks  
  39  4:34  Barracks  
  39  4:41  SCV  
  40  4:53  SCV  
  44  5:04  Starport Reactor  
Tags
 
Add a new tag
Caveats
  • Supply blocks, unpowered buildings, or Contaminate may cause inaccurate times.
  • Supply counts are checked every 10 seconds.